 Dungeon Crawl Stone Soup version 0.30-a0-476-g330ca2eb8e (webtiles) character file.

Game seed: 11652774890352613405

409 Iflex the Digger (level 7, -5/48 HPs)
             Began as a Human Earth Elementalist on Dec 21, 2022.
             Slain by a killer bee (7 damage)
             ... on level 4 of the Dungeon.
             The game lasted 00:22:07 (3226 turns).

Iflex the Digger (Human Earth Elementalist)         Turns: 3226, Time: 00:22:10

Health: -5/48      AC:  7    Str:  8    XL:     7   Next: 13%
Magic:  12/12      EV: 13    Int: 23    God:
Gold:   204        SH:  0    Dex: 16    Spells: 2/12 levels left

rFire   . . .      SeeInvis .    h - +2 flail (drain)
rCold   . . .      Faith    .    (no shield)
rNeg    . . .      Spirit   .    a - +0 robe
rPois   .          Reflect  .    (no helmet)
rElec   .          Harm     .    (no cloak)
rCorr   .          Rampage  .    r - +0 pair of gloves
Will    .....      Rage     3%   j - +2 pair of boots
Stlth   +++.......               (no amulet)
HPRegen 0.28/turn                f - +6 ring of intelligence
MPRegen 0.13/turn                (no ring)

@: lethally poisoned (-5 -> -17), unable to read
A: thin skeletal structure 1, berserk 1, shaggy fur 1, inability to read after
injury 1, MP-powered wands
a: no special abilities


You were on level 4 of the Dungeon.
You visited 1 branch of the dungeon, and saw 4 of its levels.
You also visited: Sewer.

You collected 204 gold pieces.

Inventory:

Hand Weapons
 g - a +0 hand axe
 h - a +2 flail of draining (weapon)
Missiles
 e - 9 poisoned darts
 o - 2 throwing nets
 w - 4 atropa-tipped darts
Armour
 a - a +0 robe (worn)
 j - a +2 pair of boots (worn)
 r - a +0 pair of gloves (worn)
Jewellery
 f - a +6 ring of intelligence (left hand)
Wands
 y - a wand of digging (3)
Scrolls
 c - 2 scrolls of vulnerability {unknown}
 i - a scroll of poison
 m - a scroll of amnesia {unknown}
 s - a scroll of enchant weapon {unknown}
 t - a scroll of teleportation {unknown}
 u - 2 scrolls of brand weapon {unknown}
 x - a scroll of immolation
Potions
 b - 2 potions of magic
 d - 4 potions of attraction
 n - 3 potions of cancellation
 p - a potion of might
 q - a potion of haste {unknown}
 v - a potion of invisibility {unknown}


   Skills:
 + Level 1.2 Fighting
 + Level 2.5 Maces & Flails
 + Level 3.0 Dodging
 + Level 3.3 Stealth
 + Level 3.4 Spellcasting
 + Level 1.0 Transmutations
 + Level 0.8 Air Magic
 + Level 4.4 Earth Magic
 + Level 0.4 Poison Magic


You had 2 spell levels left.
You knew the following spells:

 Your Spells              Type           Power      Damage    Failure   Level
a - Sandblast             Erth           48%        2d12      1%          1
b - Passwall              Tmut/Erth      13%        N/A       5%          2
c - Poisonous Vapours     Pois/Air       12%        N/A       13%         2
d - Stone Arrow           Conj/Erth      28%        3d8       13%         3
e - Cigotuvi's Dreadful   Necr/Pois/Air  10%        N/A       14%         2

Your spell library contained the following spells:

 Spells                   Type           Power      Damage    Failure   Level
 Mephitic Cloud           Conj/Pois/Air  5%         N/A       28%         3
 Petrify                  Tmut/Erth      16%        N/A       34%         4


Dungeon Overview and Level Annotations

Branches:
Dungeon (4/15)              Sewer (visited)
 Temple: D:4-7

Altars:
Vehumet
The Shining One


Innate Abilities, Weirdness & Mutations

You have a somewhat thin skeletal structure. (Dex +2, Stealth+)
You sometimes lose your temper in combat.
You are covered in fur. (AC +1)
You occasionally lose the ability to read scrolls when taking damage.
You expend magic power (3 MP) to strengthen your wands.


Message History

You miss the killer bee.
The killer bee is lightly wounded.
You feel sick. The killer bee closely misses you. The killer bee misses you.
The killer bee barely misses you. The killer bee stings you.
The killer bee closely misses you. The killer bee barely misses you.
The killer bee stings you but does no damage.
The killer bee closely misses you. The killer bee stings you.
You feel protected.
You feel sick.
The killer bee stings you but does no damage.
The killer bee closely misses you. x3; The killer bee stings you.
* * * LOW HITPOINT WARNING * * *
You are more poisoned.
The killer bee poisons you! The killer bee closely misses you.
Really quaff the potion of lignification? [Y]es or [N]o only, please.
Really quaff the potion of lignification?
You turn into a tree.
Your +0 pair of gloves melds into your body.
Your +2 pair of boots melds into your body.
Your +0 robe melds into your body.
Your roots penetrate the ground.
You feel sick.
The killer bee stings you but does no damage. x2
The killer bee stings you.
* * * LOW HITPOINT WARNING * * *
The killer bee stings you but does no damage.
The killer bee barely misses you. x2
Your magical effects are unravelling.
You feel magically purged.
You feel less wooden.
Your +0 pair of gloves unmelds from your body.
Your +2 pair of boots unmelds from your body.
Your +0 robe unmelds from your body.
Your resistance to elements expires.
You feel sick. The killer bee stings you!
You feel threatened and lose the ability to read scrolls!
* * * LOW HITPOINT WARNING * * *
You are more poisoned.
The killer bee poisons you! The killer bee stings you!
You die...

..................
§§§§§§§§.§§§§§..#..###.
.###☼§#§§§##§§§☼§#........
..§§§§§§§§§§§§§§§.......#.
..§§§§§§§§§§☼§☼#§#.#..###.
...§§§§☼☼§§§§§§§§.........
y.§§☼§§§§☼§§§☼§§§......##.
r.§§§§§§y§§§§§§§§. .....
..§§§§§§y@☼§§§§# #.##.
..§§§§§§y##§§§§#.# # # #.
..##☼o§§§...§§§#.# #.#.##.
.☼§☼§§§§....§§#.# .......
..§§§☼#§§###..§#.###.#.##.
..§§§§#§§......§§.........
..#§§.#☼§###....§#####.##.
..§☼..§§§# ###.#.# #....
.#...#..# #...########.


You could see 3 killer bees and an orc (inner flame).

Vanquished Creatures
  A black bear (D:4)
  A kobold brigand (Sewer)
  A necrophage (D:4)
  Ijyb (D:4)
  An orc wizard (D:3)
  4 gnolls (D:2)
  3 adders
  2 orcs (D:3)
  5 ball pythons
  5 endoplasms
  5 giant cockroaches
  4 goblins
  5 hobgoblins
  3 jackals (D:3)
  14 kobolds
  4 quokkas
  6 bats
  4 frilled lizards
  11 rats
80 creatures vanquished.

Vanquished Creatures (others)
  2 plants (Sewer)
2 creatures vanquished.

Grand Total: 82 creatures vanquished

Notes
Turn   | Place    | Note
-------+----------+-------------------------------------------
     0 | D:1      | Iflex the Human Earth Elementalist began the quest for the
                  | Orb.
     0 | D:1      | Reached XP level 1. HP: 13/13 MP: 3/3
   433 | D:1      | Reached XP level 2. HP: 18/19 MP: 5/5
   591 | D:2      | Reached XP level 3. HP: 23/24 MP: 6/6
   634 | D:2      | Reached XP level 4. HP: 10/30 MP: 2/8
  1410 | D:3      | Reached skill level 4 in Earth Magic
  1456 | D:3      | Found a radiant altar of Vehumet.
  1581 | D:3      | HP: 1/30 [something (3)]
  1584 | D:3      | Reached skill level 1 in Maces & Flails
  1584 | D:3      | Reached XP level 5. HP: 2/36 MP: 5/9
  1607 | D:3      | Found a glowing drain.
  1651 | Sewer    | Entered a sewer
  1898 | Sewer    | Learned a level 2 spell: Passwall
  1901 | Sewer    | Learned a level 2 spell: Poisonous Vapours
  2079 | Sewer    | Noticed a kobold brigand
  2093 | Sewer    | Gained mutation: You are dopey. (Int -2) [potion of
                  | mutation]
  2093 | Sewer    | Gained mutation: Your spells are a little harder to cast,
                  | but a little more powerful. [potion of mutation]
  2099 | Sewer    | Killed a kobold brigand
  2100 | Sewer    | Reached XP level 6. HP: 21/42 MP: 5/10
  2205 | Sewer    | Lost mutation: Your spells are a little harder to cast, but
                  | a little more powerful. [potion of mutation]
  2205 | Sewer    | Lost mutation: You are dopey. (Int -2) [potion of mutation]
  2205 | Sewer    | Gained mutation: Your flesh is heat resistant. (rF+)
                  | [potion of mutation]
  2205 | Sewer    | Gained mutation: You occasionally lose the ability to read
                  | scrolls when taking damage. [potion of mutation]
  2205 | Sewer    | Gained mutation: You are robust. (+10% HP) [potion of
                  | mutation]
  2206 | Sewer    | Lost mutation: You occasionally lose the ability to read
                  | scrolls when taking damage. [potion of mutation]
  2206 | Sewer    | Lost mutation: Your flesh is heat resistant. (rF+) [potion
                  | of mutation]
  2206 | Sewer    | Lost mutation: You are robust. (+10% HP) [potion of
                  | mutation]
  2206 | Sewer    | Gained mutation: You are robust. (+10% HP) [potion of
                  | mutation]
  2206 | Sewer    | Gained mutation: You have a somewhat thin skeletal
                  | structure. (Dex +2, Stealth+) [potion of mutation]
  2206 | Sewer    | Gained mutation: Your mind is acute. (Int +4, Str/Dex -1)
                  | [potion of mutation]
  2553 | D:3      | Lost mutation: You are robust. (+10% HP) [potion of
                  | mutation]
  2553 | D:3      | Lost mutation: Your mind is acute. (Int +4, Str/Dex -1)
                  | [potion of mutation]
  2553 | D:3      | Gained mutation: You occasionally lose the ability to read
                  | scrolls when taking damage. [potion of mutation]
  2553 | D:3      | Gained mutation: You are covered in fur. (AC +1) [potion of
                  | mutation]
  2553 | D:3      | Gained mutation: You sometimes lose your temper in combat.
                  | [potion of mutation]
  2553 | D:3      | Gained mutation: You expend magic power (3 MP) to
                  | strengthen your wands. [potion of mutation]
  2654 | D:3      | Found a glowing golden altar of the Shining One.
  2792 | D:4      | Learned a level 3 spell: Stone Arrow
  2795 | D:4      | Learned a level 2 spell: Cigotuvi's Dreadful Rot
  2833 | D:4      | Noticed a black bear
  2895 | D:4      | Killed a black bear
  2896 | D:4      | Reached skill level 1 in Fighting
  2896 | D:4      | Reached XP level 7. HP: 5/48 MP: 2/12
  3112 | D:4      | Noticed Ijyb
  3121 | D:4      | Killed Ijyb
  3226 | D:4      | HP: 2/48 [killer bee (7)]
  3226 | D:4      | Slain by a killer bee

Illustrated notes

Levels and vault maps discovered:
D:1:      wheals_arrival_shading, layout_rooms, minmay_pentomino_x4
D:2:      layout_basic
D:3:      layout_rooms, tso_altar, nicolae_vehumet_radiance,
          portal_sewer_entry_b, minmay_misc_feat_more_columns
D:4:      layout_basic, yredelemnul_altar_generic, minmay_surrounded,
          uniq_robin, uniq_ijyb, uniq_edmund

Skill      XL: |  1  2  3  4  5  6  7 |
---------------+----------------------+-----
Earth Magic    | 4 |  4.4
Maces & Flails | 1 2 |  2.5
Spellcasting   | 3 |  3.4
Stealth        | 3 |  3.3
Fighting       | 1 |  1.2
Dodging        | 3 |  3.0
Transmutations | |  1.0
Air Magic      | |  0.8
Poison Magic   | |  0.4

Action                   |  1- 3 |  4- 6 |  7- 9 || total
-------------------------+-------+-------+-------++-------
Melee: Flail             |    29 |   128 |     9 ||   166
 Cast: Sandblast         |     6 |    24 |     6 ||    36
       Poisonous Vapours |       |     6 |     1 ||     7
  Use: Scroll            |       |     6 |     4 ||    10
       Potion            |       |     8 |     3 ||    11
 Stab: Sleeping          |     3 |     9 |       ||    12
       Distracted        |       |     2 |       ||     2
Armor: Robe              |     9 |    69 |    12 ||    90
       Skin              |       |       |     3 ||     3
Dodge: Dodged            |    27 |   128 |    36 ||   191

Table legend: (Time is in decaauts)
 A = Elapsed time spent in this place.
 B = Non-inter-level travel time spent in this place.
 C = Inter-level travel time spent in this place.
 D = Time resting spent in this place.
 E = Time spent auto-exploring this place.
 F = Levels seen in this place.
 G = Mean time per level.
                   A        B        C        D        E       F      G
               +--------+--------+--------+--------+--------+-----+--------+
         Total |   3327 |   3287 |     40 |    561 |   1529 |   5 |  665.4 |
       Dungeon |   2545 |   2505 |     40 |    246 |   1529 |   4 |  636.2 |
         Sewer |    782 |    782 |      0 |    315 |      0 |   1 |  782.0 |
               +--------+--------+--------+--------+--------+-----+--------+

Top non-repeatable levels by time:
     D:2: 902 daAuts
     D:3: 809 daAuts
   Sewer: 782 daAuts
     D:1: 484 daAuts
     D:4: 349 daAuts
